 Dungeon Crawl Stone Soup version 0.19.1-1-g22dce08 (webtiles) character file.

51 Alarkh the Chopper (level 3, -6/29 HPs)
             Began as a Demonspawn Monk on Jan 5, 2017.
             Mangled by Robin
             ... wielding a +0 short sword
              (7 damage)
             ... while paralysed by Grinder
             ... on level 3 of the Dungeon.
             The game lasted 00:01:36 (1409 turns).

Alarkh the Chopper (Demonspawn Monk)                Turns: 1409, Time: 00:01:37

Health: -6/29      AC:  4    Str: 14    XL:     3   Next: 57%
Magic:  3/3        EV:  2    Int: 12    God:
Gold:   89         SH:  0    Dex: 15    Spells: 0 memorised, 2 levels left

rFire  . . .     SeeInvis .     a - +0 hand axe
rCold  . . .     Gourm    .     b - +0 robe
rNeg   . . .     Faith    .     (no shield)
rPois  .         Spirit   .     (helmet restricted)
rElec  .         Reflect  .     o - +0 cloak
rCorr  .         Harm     .     h - +1 pair of gloves {Str+3}
MR     .....                    q - -2 pair of boots (curse)
Stlth  ++........               (no amulet)
                                (no ring)
                                (no ring)

@: paralysed, very slightly contaminated, hasted
A: antennae 1, powered by death 1
a: no special abilities


You were on level 3 of the Dungeon.
You were not hungry.

You visited 1 branch of the dungeon, and saw 3 of its levels.

You collected 89 gold pieces.

Inventory:

Hand Weapons
 a - a +0 hand axe (weapon)
Armour
 b - a +0 robe (worn)
 h - a +1 pair of gloves of strength (worn)
 o - a +0 cloak (worn)
 q - a cursed -2 pair of boots (worn)
Scrolls
 d - a scroll of recharging {unknown}
 n - a scroll of random uselessness {unknown}
 p - a scroll of remove curse {unknown}
Potions
 e - 2 potions of lignification {unknown}
 f - 3 potions of haste
 i - a potion of agility {unknown}
 k - a potion of curing {unknown}
 l - 2 potions of invisibility {unknown}
 m - a potion of degeneration {unknown}
Comestibles
 c - 2 bread rations
 g - a chunk of flesh
 j - 4 meat rations


   Skills:
 - Level 3.0 Fighting
 + Level 4.2 Axes
 - Level 2.6 Dodging
 - Level 1.7 Stealth


You had 2 spell levels left.
You didn't know any spells.

Dungeon Overview and Level Annotations

Branches:
Dungeon (3/15)

Altars:
Fedhas

Annotations:
D:3 Grinder, Robin


Innate Abilities, Weirdness & Mutations

You have a pair of small antennae on your head.
You regenerate a little health from kills.


Message History

You hit Robin. Robin misses you. Grinder closely misses you.
You hit Grinder but do no damage.
Grinder is lightly wounded.
You barely miss Robin. Robin hits you but does no damage.
Grinder blinks!
You hit Robin.
Robin is heavily wounded.
You hit Robin but do no damage.
Robin is heavily wounded.
Robin misses you. Grinder gestures at you.
You suddenly lose the ability to move!
Robin hits you with a short sword. Robin hits you with a short sword!
Grinder gestures at you. Pain shoots through your body!
* * * LOW HITPOINT WARNING * * *
Robin hits you with a short sword.
* * * LOW HITPOINT WARNING * * *
Robin hits you with a short sword!
You die...

..... ...
.######...##....
...............
..............
###.....#.#...
#..........# ##.
#+#..........#....
.......<..5)...#
.........#@†...#
.........#)g...#
.........#....##
........##......
.........#......#
................#
..#........?....#
.......#


You could see Grinder and Robin.

Vanquished Creatures
  An ooze (D:3)
  A bat (D:2)
  A giant cockroach (D:1)
  19 goblins
  3 hobgoblins
  A quokka (D:2)
  A ball python (D:1)
  3 frilled lizards (D:2)
  5 kobolds
  7 rats
42 creatures vanquished.

Notes
Turn   | Place    | Note
-------+----------+-------------------------------------------
     0 | D:1      | Alarkh the Demonspawn Monk began the quest for the Orb.
     0 | D:1      | Reached XP level 1. HP: 18/18 MP: 1/1
   201 | D:1      | Reached skill level 3 in Axes
   267 | D:1      | Gained mutation: You regenerate a little health from kills. [demonic ancestry]
   267 | D:1      | Reached XP level 2. HP: 24/24 MP: 2/2
  1017 | D:2      | Found a blossoming altar of Fedhas.
  1017 | D:2      | Found a faded altar of an unknown god.
  1022 | D:2      | Found a faded altar of an unknown god.
  1025 | D:2      | Gained mutation: You have a pair of small antennae on your head. [demonic ancestry]
  1025 | D:2      | Reached XP level 3. HP: 29/29 MP: 3/3
  1026 | D:2      | Found a faded altar of an unknown god.
  1028 | D:2      | Found a faded altar of an unknown god.
  1388 | D:3      | Noticed Robin
  1393 | D:3      | Reached skill level 4 in Axes
  1396 | D:3      | Noticed Grinder
  1405 | D:3      | Paralysed by Grinder for 5 turns
  1408 | D:3      | HP: 1/29 [Robin/short sword (5)]
  1409 | D:3      | Mangled by Robin

Skill      XL: |  1  2  3 |
---------------+----------+-----
Axes           | 3 4 |  4.2
Fighting       | |  3.0
Dodging        | |  2.6
Stealth        | |  1.7

Action                   || total
-------------------------++-------
Melee: Hand axe          ||   110
  Use: Potion            ||     1
 Stab: Sleeping          ||     4
  Eat: Chunk             ||     2
Armor: Robe              ||    26
Dodge: Dodged            ||    75
